 Dungeon Crawl Stone Soup version 0.30.1-4-g462c640d31 (webtiles) character file.

Game seed: 18428799065810814485

83 Almogavar the Trooper (level 4, -8/35 HPs)
             Began as a Human Fighter on Sept 7, 2023.
             Mangled by a gnoll
             ... wielding a +0 halberd
              (10 damage)
             ... on level 2 of the Dungeon.
             The game lasted 00:03:04 (1075 turns).

Almogavar the Trooper (Human Fighter)               Turns: 1075, Time: 00:03:05

Health: -8/35      AC: 12    Str: 18    XL:     4   Next: 71%
Magic:  4/4        EV:  9    Int:  9    God:
Gold:   51         SH:  4    Dex: 12    Spells: 3/3 levels left

rFire   . . .        a - +0 long sword
rCold   . . .        c - +0 buckler
rNeg    . . .        b - +0 scale mail
rPois   .            (no helmet)
rElec   .            (no cloak)
rCorr   .            (no gloves)
SInv    .            i - +0 pair of boots
Will    .....        (no amulet) Stlth
                     e - +4 ring of protection
HPRegen 0.25/turn    (no ring)
MPRegen 0.09/turn

%: no passive effects
@: no status effects
A: no striking features
a: no special abilities


You were on level 2 of the Dungeon.
You visited 1 branch of the dungeon, and saw 2 of its levels.

You collected 51 gold pieces.

Inventory:

Hand Weapons
 a - a +0 long sword (weapon)
Armour
 b - a +0 scale mail (worn)
 c - a +0 buckler (worn)
 i - a +0 pair of boots (worn)
Jewellery
 e - a +4 ring of protection (left hand)
 g - a ring of flight
Scrolls
 h - a scroll of identify
Potions
 d - a potion of might
 f - 2 potions of magic


   Skills:
 + Level 3.5 Fighting
 + Level 3.2 Long Blades
 + Level 3.2 Armour
 + Level 0.9 Dodging
 + Level 3.4 Shields


You had 3 spell levels left.
You didn't know any spells.
Your spell library was empty.

Dungeon Overview and Level Annotations

Branches:
Dungeon (2/15)

Altars:


Message History

The hobgoblin is severely wounded.
You block the hobgoblin's attack. The gnoll hits you but does no damage.
You block the hobgoblin's attack.
You barely miss the hobgoblin.
The hobgoblin is severely wounded.
The gnoll hits you but does no damage. You block the hobgoblin's attack.
You hit the hobgoblin but do no damage.
The hobgoblin is severely wounded.
The gnoll barely misses you. You block the hobgoblin's attack.
You hit the hobgoblin but do no damage.
The hobgoblin is severely wounded.
You block the gnoll's attack. The hobgoblin misses you.
You hit the hobgoblin but do no damage.
The hobgoblin is severely wounded.
The gnoll hits you from afar with a +0 halberd!
The hobgoblin hits you but does no damage.
You closely miss the hobgoblin.
The hobgoblin is severely wounded.
The gnoll closely misses you. The hobgoblin closely misses you.
The gnoll hits you from afar with a +0 halberd!
The hobgoblin closely misses you.
You hit the hobgoblin.
You kill the hobgoblin!
The gnoll barely misses you.
The gnoll throws a throwing net.
The throwing net hits you.
You become entangled in the net!
There is a stone staircase leading up here.
You see here a throwing net.
You struggle against the net.
The gnoll hits you from afar with a +0 halberd!
Unknown command.
You struggle against the net.
The gnoll hits you but does no damage.
You shred the net and break free!
The gnoll hits you from afar with a +0 halberd!
* * * LOW HITPOINT WARNING * * *
The gnoll closely misses you.
The gnoll hits you from afar with a +0 halberd.
* * * LOW HITPOINT WARNING * * *
The gnoll hits you from afar with a +0 halberd!
You die...

#.............
#.............##
#######.##.......##
#........###.#.###
#........###+#.#
#.............## #
#.............#
###.............#
#...@.g.........##
#.#...g..........#
#..........#####.#
#.######+### .# #.
g. . ... # .##. .#
.# .# #


You could see 2 gnolls.

Vanquished Creatures
  Natasha (D:2)
  An adder (D:2)
  A gnoll (D:1)
  6 ball pythons
  5 bats
  6 endoplasms
  A giant cockroach (D:1)
  A goblin (D:1)
  2 hobgoblins
  4 jackals (D:2)
  2 quokkas (D:1)
  A frilled lizard (D:1)
  3 kobolds
  3 rats (D:1)
37 creatures vanquished.

Notes
Turn   | Place    | Note
-------+----------+-------------------------------------------
     0 | D:1      | Almogavar the Human Fighter began the quest for the Orb.
     0 | D:1      | Reached XP level 1. HP: 18/18 MP: 1/1
    61 | D:1      | Reached XP level 2. HP: 16/24 MP: 2/2
   502 | D:1      | Reached XP level 3. HP: 27/29 MP: 3/3
   551 | D:1      | Found a faded altar of an unknown god.
   962 | D:2      | Noticed Natasha
   975 | D:2      | Reached XP level 4. HP: 34/35 MP: 4/4
   979 | D:2      | Killed Natasha
  1075 | D:2      | Mangled by a gnoll

Illustrated notes

Levels and vault maps discovered:
D:1:      dpeg_arrival_short_road, layout_loops_ring,
          shapermc_ecumenical_altar_acropolis, st_stairs_1
D:2:      layout_basic, dreamdust_mushroom_princess, uniq_natasha

Skill      XL: |  1  2  3  4 |
---------------+-------------+-----
Long Blades    | 3 |  3.2
Fighting       | |  3.5
Armour         | |  3.2
Dodging        | |  0.9
Shields        | |  3.4

Action                     |  1- 3 |  4- 6 || total
---------------------------+-------+-------++-------
  Melee: Long sword        |   102 |    16 ||   118
    Use: Scroll            |     3 |       ||     3
         Potion            |     1 |       ||     1
 Armour: Scale mail        |    79 |    24 ||   103
  Dodge: Dodged            |    68 |    19 ||    87
  Block: Buckler           |    34 |    11 ||    45
